 Dungeon Sprint DCSS version 0.21.1-1-g345015f (webtiles) character file.

49 wilfster70 the Ducker (level 3, -2/36 HPs)
             Began as a Troll Wizard on June 12, 2018.
             Drowned by a water elemental (6 damage)
             ... in the Dungeon (Sprint III: "The Ten Rune Challenge").
             The game lasted 00:01:06 (163 turns).

wilfster70 the Ducker (Troll Wizard)                 Turns: 163, Time: 00:01:07

Health: -2/36      AC:  7    Str: 16    XL:     3   Next: 53%
Magic:  5/5        EV: 10    Int: 14    God:
Gold:   37         SH:  0    Dex:  8    Spells: 5/6 levels left

rFire    . . .     SeeInvis .     - Unarmed
rCold    . . .     Gourm    +   (no shield)
rNeg     . . .     Faith    .   k - +2 robe
rPois    .         Spirit   .   b - +0 hat
rElec    .         Reflect  .   (no cloak)
rCorr    .         Harm     .   (gloves unavailable)
MR       .....     NoTele   +   (boots unavailable)
Stlth    +.........             (no amulet)
HPRegen  0.52/turn              (no ring)
MPRegen  0.09/turn              (no ring)

@: engulfed (cannot breathe)
A: large, unfitting armour, claws 3, fast metabolism 3, gourmand, regeneration
1, shaggy fur 1, tough skin 2
a: no special abilities


You were in the Dungeon.
You were not hungry.

You visited 1 branch You collected 37 gold pieces.

Inventory:

Armour
 b - a +0 hat (worn)
 k - a +2 robe (worn)
Scrolls
 j - a scroll of blinking
 l - a scroll of torment {unknown}
 m - 3 scrolls of remove curse {unknown}
 o - a scroll of holy word {unknown}
 p - 2 scrolls of identify
Potions
 a - 6 potions of mutation
 e - a potion of curing
 f - a potion of heal wounds
 g - a potion of haste
 h - 2 potions of magic
 i - a potion of berserk rage
 n - a potion of flight {unknown}
Books
 c - a book of Minor Magic

   Spells                             Type                      Level
   a - Magic Dart                     Conjuration                  1
   b - Blink                          Translocation                2
   c - Call Imp                       Summoning                    2
   d - Slow                           Hexes                        2
   e - Conjure Flame                  Conjuration/Fire             3
   f - Mephitic Cloud                 Conjuration/Poison/Air       3
Comestibles
 d - 5 rations


   Skills:
 + Level 2.9 Fighting
 + Level 3.6 Dodging
 - Level 1.1 Stealth
 + Level 3.5 Unarmed Combat
 - Level 2.1 Spellcasting
 - Level 1.0 Conjurations
   Level 0.6 Summonings
   Level 0.6 Translocations


You had 5 spell levels left.
You knew the following spells:

 Your Spells              Type           Power        Failure   Level  Hunger
a - Magic Dart            Conj           #...         16%         1    ##.....


Dungeon Overview and Level Annotations

Branches:
Dungeon (1/1)

Altars:


Innate Abilities, Weirdness & Mutations

You are too large for most types of armour.
You have claws for hands.
Your metabolism is lightning-fast.
You like to eat raw meat.
Your natural rate of healing is unusually fast.
You are covered in fur. (AC +1)
You have very tough skin. (AC +2)


Message History

d - 5 rations (gained 1);
a - 5 potions of mutation (gained 2)
a - 6 potions of mutation (gained 1)
You now have 37 gold pieces (gained 14).
There is an open door here.
You enter the shallow water.
Moving in this stuff is going to be slow.
You enter the shallow water.
Moving in this stuff is going to be slow.
You open the door.
A water elemental comes into view.
There is an open door to the Ecumenical Temple here.
You barely miss the water elemental. The water elemental hits you!
The water elemental engulfs you in water!
You scratch the water elemental but do no damage.
Your lungs strain for air!
The water elemental hits you!
* * * LOW HITPOINT WARNING * * *
You scratch the water elemental.
The water elemental is moderately damaged.
You die...

▓▓▓▓▓▓▓▓▓▓ ▓▓▓
.#..'....♣ ♣.#
.#..#....♣♣ ♣♣.#
'####.....♣♣ ♣..#
.÷..#....≈.♣♣♣..###+#+##
....#...≈≈.♣..♣.#.......
....#..≈≈≈≈♣....@.⌠.....
###'#..≈≈≈≈≈≈...#E..####
....#.≈≈≈≈≈≈....#.⌠.#
....#.≈≈≈≈≈.....#...#
..[.#.≈≈≈.......#+###
#####...........#
................#
▓▓▓▓▓▓▓▓▓▓▓▓▓▓▓▓▓


You could see a water elemental.

Vanquished Creatures
  Jessica (D)
  A human (D)
  A phantom (D)
  3 rats (D)
6 creatures vanquished.

Vanquished Creatures (others)
  A draconian scorcher (D)
  4 hellions (D)
5 creatures vanquished.

Grand Total: 11 creatures vanquished

Notes
Turn   | Place    | Note
-------+----------+-------------------------------------------
     0 | D        | wilfster70 the Troll Wizard began the quest for the Orb.
     0 | D        | Reached XP level 1. HP: 16/16 MP: 2/2
     5 | D        | Reached skill level 1 in Conjurations
    14 | D        | Noticed Jessica
    20 | D        | Killed Jessica
    20 | D        | Reached XP level 2. HP: 22/28 MP: 4/4
    68 | D        | Reached XP level 3. HP: 18/36 MP: 5/5
    78 | D        | Killed a hellion
    79 | D        | Killed a hellion
   105 | D        | Killed a hellion
   139 | D        | Killed a hellion
   147 | D        | Killed a white draconian scorcher
   153 | D        | Noticed a water elemental
   163 | D        | Drowned by a water elemental

Skill      XL: |  1  2 |
---------------+-------+-----
Conjurations   | 1 |  1.0
Fighting       | 2 |  2.9
Dodging        | 3 |  3.6
Unarmed Combat | 2 3 |  3.5
Stealth        | |  1.1
Spellcasting   | |  2.1
Summonings     | |  0.6
Translocations | |  0.6

Action                   || total
-------------------------++-------
Melee: Unarmed           ||    23
       Punch             ||     1
 Stab: Sleeping          ||     1
  Eat: Chunk             ||     2
Armor: Robe              ||     4
Dodge: Dodged            ||    10
